 Dungeon Crawl Stone Soup version 0.20.0-4-g10b340a (webtiles) character file.

42477 kuniqs the Protected (level 13, -6/134 HPs)
             Began as a Minotaur Fighter on May 27, 2017.
             Was the Champion of the Shining One.
             Killed from afar by a fire dragon (17 damage)
             ... with a blast of flame
             ... on level 15 of the Dungeon.
             The game lasted 00:19:56 (13965 turns).

kuniqs the Protected (Minotaur Fighter)            Turns: 13965, Time: 00:19:57

Health: -6/134     AC: 15    Str: 22    XL:     13   Next: 85%
Magic:  18/18      EV: 13    Int:  3    God:    the Shining One [******]
Gold:   890        SH: 17    Dex: 20    Spells: 12/12 levels left

rFire    + . .     SeeInvis .   J - +5 scimitar (flame)
rCold    . . .     Gourm    .   c - +0 shield
rNeg     + + +     Faith    .   n - +4 plate armour
rPois    .         Spirit   .   (helmet restricted)
rElec    +         Reflect  +   (no cloak)
rCorr    .         Harm     .   (no gloves)
MR       .....     Rnd*Tele +   (no boots)
Stlth    ..........             P - +3 amulet of reflection
Regen    0.4/turn               m - ring of protection from fire
MPRegen  0.2/turn               B - +4 ring of dexterity

@: glowing
A: retaliatory headbutt, fangs 1, horns 2, rugged brown scales 1, agile 1,
blurry vision 1, deformed body, dopey 1, robust 1, electricity resistance,
teleportitis 1
a: Divine Shield, Cleansing Flame, Summon Divine Warrior, Brand Weapon With Holy
Wrath, Renounce Religion


You were on level 15 of the Dungeon.
You worshipped the Shining One.
The Shining One was exalted by your worship.
You were very hungry.

You visited 2 branches of the dungeon, and saw 16 of its levels.

You collected 890 gold pieces.

Inventory:

Hand Weapons
 t - a +0 scimitar of electrocution
 J - a +5 scimitar of flaming (weapon)
Missiles
 M - a throwing net (quivered)
Armour
 c - a +0 shield (worn)
 n - a +4 plate armour (worn)
Jewellery
 m - a ring of protection from fire (left hand)
 B - a +4 ring of dexterity (right hand)
 P - a +3 amulet of reflection (around neck)
Wands
 u - a wand of confusion (44/48)
 x - a wand of polymorph (7/24)
 A - a wand of flame (0/48)
 C - a wand of iceblast (11/15)
 R - a wand of lightning (10/15)
Scrolls
 a - 2 scrolls of fog
 b - 2 scrolls of enchant weapon
 i - 2 scrolls of immolation
 k - 4 scrolls of teleportation
 p - 2 scrolls of identify {@r1}
 r - a scroll of fear
 v - 9 scrolls of remove curse {@r2}
 y - 2 scrolls of noise
 z - a scroll of vulnerability
 D - 4 scrolls of blinking
 G - 4 scrolls of recharging
 H - a scroll of enchant armour
 K - 2 scrolls of magic mapping
 N - a scroll of summoning
Potions
 g - 4 potions of heal wounds
 j - a potion of brilliance
 o - 2 potions of flight
 q - 7 potions of might
 s - 4 potions of haste
 w - 8 potions of curing {@q1}
 F - a potion of berserk rage
 I - 2 potions of resistance
 L - a potion of cancellation
 Q - a potion of lignification
Comestibles
 d - 18 bread rations
 e - 13 meat rations
 f - 11 fruits
 l - 6 royal jellies


   Skills:
 + Level 12.4 Fighting
 + Level 12.0 Long Blades
 + Level 12.6 Armour
 + Level 11.1 Dodging
 + Level 12.6 Shields
 + Level 8.9 Invocations


You had 12 spell levels left.
You didn't know any spells.

Dungeon Overview and Level Annotations

Branches:
Dungeon (15/15)            Temple (1/1) D:6            Lair (0/6) D:8
    Orc (0/2) D:12
 Vaults: D:13-14     Depths: D:15

Altars:
Ashenzari
Cheibriados
Dithmenos
Elyvilon
Fedhas
Gozag
Hepliaklqana
Kikubaaqudgha
Makhleb
Nemelex Xobeh
Okawaru
Qazlal
Ru
Sif Muna
Trog
Uskayaw
Vehumet
Xom
Yredelemnul
Zin
The Shining One

Shops:
D:4 [}=!   D:5 %(   D:10 *=%   D:15 (

Annotations:
D:15 exclusions: lava snake and 1 more exclusion


Innate Abilities, Weirdness & Mutations

You reflexively headbutt those who attack you in melee.
You have a pair of horns on your head.
You have very sharp teeth.
You are partially covered in rugged brown scales. (AC +1, +3% HP)
You are agile. (Dex +2)
Scrolls take you a little longer to read.
Armour fits poorly on your strangely shaped body.
You are dopey. (Int -2)
You are robust. (+10% HP)
You are resistant to electric shocks. (rElec)
You are occasionally teleported next to monsters.


Message History

The two-headed ogre barely misses you.
You riposte.
You hit the two-headed ogre. You burn the two-headed ogre.
The two-headed ogre is lightly wounded.
The two-headed ogre hits you with a giant spiked club.
* * * LOW HITPOINT WARNING * * *
A fire dragon comes into view.
The fire dragon roars deafeningly!
The ogre hits you with a giant club!
* * * LOW HITPOINT WARNING * * *
The lava snake hisses angrily.
Really read with blurry vision while enemies are nearby?
You block the fire dragon's attack. The fire dragon misses you.
The fire dragon tramples you.
* * * LOW HITPOINT WARNING * * *
You hold your ground!
You begin reading the scroll.
You continue reading the scroll.
You are feeling very hungry.
The fire dragon breathes flames at you. The blast of flame hits you!
You resist.
You die...

#................................
#................................
#................###.###.###.....
.............#...#.#.#.#.....
.............###.#.#.#.#.##'#
................O......$.....
............OO...............
≈≈≈........DO###.###.#.#..(..
≈#≈≈≈≈......@#...# #.# .....
...≈≈≈≈#≈≈≈≈....###.#.#.###.....
##.≈≈≈#≈≈≈≈#≈............O......#
...≈#≈≈≈≈#≈≈≈......########.....#
...≈≈≈≈#≈≈≈≈............##.......
..≈≈≈#≈≈≈≈#≈.#..........##.......
..≈#≈≈S≈#≈S≈.#..........##.......
..≈≈≈≈#≈≈≈≈..#..........##.O.....
....†≈≈≈≈#≈.##..........##.......


You could see a fire dragon, a two-headed ogre, 2 ogres and a lava snake.

Vanquished Creatures
  2 hydras
  2 centaur warriors
  Erica (D:8)
  10 two-headed ogres
  2 tengu warriors
  2 ogre magi (D:15)
  The ghost of Mandevil the Grappler, a novice TrWn of Cheibriados (D:8)
  4 skeletal warriors (D:13)
  3 unseen horrors
  Pikel (D:7)
  A wolf spider zombie (D:15)
  A manticore (D:11)
  A cyclops (shapeshifter) (D:14)
  9 ugly things
  2 cyclopes (D:11)
  A deep elf mage (D:12)
  The ghost of joaoluisp the Skirmisher, a novice MiBe of Trog (D:6)
  2 gargoyles (D:14)
  3 kobold demonologists (D:15)
  A komodo dragon (D:14)
  An efreet (D:14)
  A freezing wraith (D:14)
  A tengu conjurer (D:14)
  A troll (D:9)
  The ghost of kuniqs the Covered, an amateur MiFi (D:3)
  3 hornets
  The ghost of skittles the Firebug, an amateur DrFE (D:5)
  A harpy skeleton (D:14)
  6 slime creatures
  3 hippogriffs
  Sigmund (D:3)
  5 shadows
  2 vampires
  A water elemental (D:15)
  9 yaks
  2 humans (D:7)
  5 vampire mosquitoes
  Menkaure (D:7)
  An acid dragon (D:11)
  A soldier ant (D:13)
  2 water moccasins
  11 sky beasts
  2 ice beasts
  5 orc warriors
  2 slaves (D:7)
  A black bear (D:8)
  An eye of draining (D:9)
  2 phantoms
  8 ogres
  5 centaurs
  2 crocodiles
  5 big kobolds
  10 bullfrogs
  A gnoll sergeant (D:9)
  A wyvern zombie (D:15)
  8 scorpions
  2 wyvern skeletons
  5 killer bees (D:11)
  3 howler monkeys
  10 crimson imps
  5 jellies
  2 quasits
  A bullfrog skeleton (D:12)
  2 bullfrog zombies
  8 centaur skeletons
  6 centaur zombies
  6 hounds
  An orc priest (D:5)
  6 orc wizards
  A gnoll shaman (D:7)
  Ijyb (D:3)
  5 iguanas
  14 worker ants
  2 hound zombies
  A hound skeleton (D:9)
  A worker ant zombie (D:11)
  Robin (D:3)
  7 gnolls
  12 adders
  5 shadow imps
  3 adder skeletons
  An adder zombie (D:6)
  4 worms
  A dart slug (D:3)
  6 leopard geckos
  22 orcs
  4 giant cockroaches
  12 goblins
  8 hobgoblins
  19 jackals
  5 quokkas
  3 ball pythons
  3 bats (D:2)
  7 frilled lizards
  A jackal zombie (D:6)
  29 kobolds
  2 rats
400 creatures vanquished.

Vanquished Creatures (others)
  A centaur (D:11)
  2 plants (D:9)
3 creatures vanquished.

Grand Total: 403 creatures vanquished

Notes
Turn   | Place    | Note
-------+----------+-------------------------------------------
     0 | D:1      | kuniqs the Minotaur Fighter began the quest for the Orb.
     0 | D:1      | Reached XP level 1. HP: 19/19 MP: 0/0
   141 | D:1      | Reached XP level 2. HP: 27/27 MP: 1/1
   762 | D:2      | Found an iron altar of Okawaru.
   762 | D:2      | Found a sparkling altar of Nemelex Xobeh.
   787 | D:2      | Reached skill level 1 in Dodging
   818 | D:2      | Reached XP level 3. HP: 32/33 MP: 2/2
  1493 | D:3      | Noticed Ijyb
  1506 | D:3      | Killed Ijyb
  1506 | D:3      | Reached XP level 4. HP: 29/40 MP: 1/3
  1585 | D:3      | Noticed Sigmund
  1600 | D:3      | Killed Sigmund
  1600 | D:3      | Reached XP level 5. HP: 35/47 MP: 4/4
  1795 | D:3      | Noticed kuniqs's ghost (amateur MiFi)
  1815 | D:3      | Killed kuniqs's ghost
  1815 | D:3      | Reached skill level 5 in Fighting
  1815 | D:3      | Reached skill level 5 in Armour
  1815 | D:3      | Reached skill level 5 in Shields
  1815 | D:3      | Reached XP level 6. HP: 37/56 MP: 3/5
  1970 | D:3      | Found a bloodstained altar of Trog.
  2013 | D:3      | Noticed Robin
  2022 | D:3      | Killed Robin
  2022 | D:3      | Reached XP level 7. HP: 61/61 MP: 6/6
  2341 | D:4      | Found Mioker's Antique Armour Shoppe.
  2343 | D:4      | Found Gywev's Gadget Shoppe.
  2345 | D:4      | Found Yquci's Distillery.
  2346 | D:4      | Found Uxyxief's Jewellery Shoppe.
  2445 | D:4      | Reached skill level 5 in Long Blades
  3001 | D:5      | Entered Level 5 of the Dungeon
  3021 | D:5      | Found Favvexawoi's Antique Weapon Boutique.
  3276 | D:5      | Found Cangoxoch's Food Boutique.
  3427 | D:5      | Noticed skittles's ghost (amateur DrFE)
  3745 | D:5      | Reached XP level 8. HP: 55/70 MP: 5/7
  3919 | D:5      | Gained mutation: You are partially covered in rugged brown scales. (AC +1, +3% HP) [mutagenic meat]
  3920 | D:5      | Gained mutation: You possess an exceptional clarity of mind. [mutagenic meat]
  3921 | D:5      | Gained mutation: You are occasionally teleported next to monsters. [mutagenic meat]
  3922 | D:5      | Gained mutation: You are weak. (Str -2) [mutagenic meat]
  3923 | D:5      | Gained mutation: You are resistant to electric shocks. (rElec) [mutagenic meat]
  3978 | D:5      | Killed skittles's ghost
  4077 | D:6      | Found a staircase to the Ecumenical Temple.
  4095 | Temple   | Entered the Ecumenical Temple
  4145 | Temple   | Became a worshipper of the Shining One
  4235 | D:6      | Reached skill level 1 in Invocations
  4266 | D:6      | Noticed joaoluisp's ghost (novice MiBe)
  4277 | D:6      | Killed joaoluisp's ghost
  4277 | D:6      | Reached skill level 5 in Dodging
  4550 | D:6      | Reached XP level 9. HP: 79/81 MP: 7/9
  4584 | D:6      | Found an ancient bone altar of Kikubaaqudgha.
  4727 | D:6      | Reached * piety under the Shining One
  4977 | D:7      | Found an iron altar of Okawaru.
  5012 | D:7      | Noticed Pikel
  5263 | D:7      | Killed Pikel
  5271 | D:7      | Noticed Menkaure
  5290 | D:7      | Killed Menkaure
  5582 | D:7      | Reached ** piety under the Shining One
  5648 | D:7      | Reached XP level 10. HP: 89/90 MP: 10/12
  5649 | D:7      | Found a sacrificial altar of Ru.
  5749 | D:8      | Noticed Erica
  5750 | D:8      | Found a staircase to the Lair.
  5760 | D:8      | Killed Erica
  5948 | D:8      | Noticed Mandevil's ghost (novice TrWn)
  5959 | D:8      | Killed Mandevil's ghost
  6104 | D:8      | Noticed a two-headed ogre
  6124 | D:8      | Killed a two-headed ogre
  6124 | D:8      | Reached skill level 5 in Invocations
  6419 | D:8      | Found a stormy altar of Qazlal.
  6437 | D:8      | Found a sparkling altar of Nemelex Xobeh.
  7304 | D:9      | Noticed a brown ugly thing
  7305 | D:9      | Reached XP level 11. HP: 99/99 MP: 13/13
  7326 | D:9      | Killed a brown ugly thing
  7642 | D:9      | Noticed a centaur warrior
  7645 | D:9      | Reached *** piety under the Shining One
  7651 | D:9      | Killed a centaur warrior
  7654 | D:9      | Reached skill level 10 in Shields
  7805 | D:9      | Found a snail-covered altar of Cheibriados.
  8119 | D:10     | Entered Level 10 of the Dungeon
  8130 | D:10     | Reached skill level 10 in Armour
  8146 | D:10     | Reached skill level 10 in Fighting
  8254 | D:10     | Found Sagovyu's Assorted Antiques.
  8353 | D:10     | Noticed an unseen horror
  8360 | D:10     | Killed an unseen horror
  8392 | D:10     | Found Kaphiwah's Food Emporium.
  8444 | D:10     | Found Bimuhon's Jewellery Emporium.
  8911 | D:11     | Noticed a two-headed ogre
  8921 | D:11     | Killed a two-headed ogre
  8954 | D:11     | Reached **** piety under the Shining One
  8966 | D:11     | Reached skill level 10 in Long Blades
  8994 | D:11     | Noticed an unseen horror
  8998 | D:11     | Killed an unseen horror
  9035 | D:11     | Noticed an unseen horror
  9037 | D:11     | Reached XP level 12. HP: 110/110 MP: 15/15
  9735 | D:11     | Identified the cursed -3 helmet "Axzue" {rElec} (You found it on level 11 of the Dungeon)
  9941 | D:11     | Noticed an eight-headed hydra
  9952 | D:11     | Killed a three-headed hydra
 10379 | D:12     | Found a staircase to the Orcish Mines.
 10580 | D:12     | Noticed a five-headed hydra
 10586 | D:12     | Killed a two-headed hydra
 11209 | D:13     | Noticed a two-headed ogre
 11209 | D:13     | Noticed a two-headed ogre
 11218 | D:13     | Killed a two-headed ogre
 11225 | D:13     | Killed a two-headed ogre
 11225 | D:13     | Reached skill level 10 in Dodging
 11401 | D:13     | Gained mutation: You are robust. (+10% HP) [mutagenic meat]
 11403 | D:13     | Gained mutation: Armour fits poorly on your strangely shaped body. [mutagenic meat]
 11404 | D:13     | Lost mutation: You possess an exceptional clarity of mind. [mutagenic meat]
 11609 | D:13     | Reached ***** piety under the Shining One
 11650 | D:13     | Reached XP level 13. HP: 104/131 MP: 17/17
 12129 | D:14     | Gained mutation: You are dopey. (Int -2) [mutagenic meat]
 12130 | D:14     | Gained mutation: You are agile. (Dex +2) [mutagenic meat]
 12133 | D:14     | Gained mutation: Scrolls take you a little longer to read. [mutagenic meat]
 12135 | D:14     | Gained mutation: You have very sharp teeth. [mutagenic meat]
 12137 | D:14     | Lost mutation: You are weak. (Str -2) [mutagenic meat]
 13251 | D:15     | Entered Level 15 of the Dungeon
 13275 | D:15     | Found Xavole's Weapon Shoppe.
 13675 | D:15     | Reached ****** piety under the Shining One
 13937 | D:15     | The Shining One protects you from harm!
 13960 | D:15     | Noticed a fire dragon
 13965 | D:15     | Killed from afar by a fire dragon

Skill      XL: |  1  2  3  4  5  6  7  8  9 10 11 12 13 |
---------------+----------------------------------------+-----
Armour         | 4 5 6 7 8 9 10 11 12 | 12.6
Dodging        | 1 2 3 5 6 7 8 10 11 | 11.1
Shields        | 4 5 6 7 8 9 10 11 12 | 12.6
Long Blades    | 3 4 5 6 7 8 10 11 12 | 12.0
Fighting       | 4 5 6 7 8 9 10 11 12 | 12.4
Invocations    | 2 4 5 6 7 8 |  8.9

Action                   |  1- 3 |  4- 6 |  7- 9 | 10-12 | 13-15 || total
-------------------------+-------+-------+-------+-------+-------++-------
Melee: Long sword        |   105 |    81 |   138 |       |       ||   324
       Headbutt          |    10 |    13 |    73 |   122 |    87 ||   305
       Scimitar          |       |       |   171 |   503 |   216 ||   890
       Bite              |       |       |       |       |    25 ||    25
Evoke: Wand              |       |     1 |     5 |       |       ||     6
  Use: Scroll            |       |       |       |    22 |     2 ||    24
       Potion            |       |       |       |     4 |     1 ||     5
  Eat: Chunk             |     2 |     2 |    17 |    21 |    18 ||    60
       Royal jelly       |       |       |       |     1 |       ||     1
Armor: Plate armour      |    55 |    38 |   158 |   166 |    67 ||   484
       Scale mail        |     1 |       |       |       |       ||     1
       Skin              |       |     6 |     5 |       |       ||    11
Dodge: Dodged            |    16 |    18 |    62 |   143 |    77 ||   316
Block: Shield            |    42 |    40 |   175 |   316 |   158 ||   731
       Reflection        |       |       |       |    13 |     7 ||    20
       Rpst.: Long sword |     4 |     4 |     7 |       |       ||    15
       Scimitar          |       |       |    18 |    35 |    19 ||    72
